Map: Catalyst LE

Players

fruitcake - Winner!

  • Race: Protoss Protoss
  • Spawn Location: 5:00

A.I. 1 (Very Hard)

  • Race: Zerg Zerg
  • Spawn Location: 11:00

VOD

Have the link to the VOD?

Description

Time

  • Played on: May 5, 2018, 4:04 p.m.
  • Length: 19:24
Show
View Real Time Build Order
Export as new Build Order

fruitcake Protoss - Winner!

Build Orders:  

Get SALT Encoding   

  12  0:02  Probe  
  13  0:16  Pylon  
  13  0:18  Probe  
  14  0:26  Probe  
  14  0:27  Assimilator  
  15  0:43  Gateway, Probe  
  16  0:55  Probe  
  17  1:07  Probe  
  18  1:16  Probe  
  18  1:17  Forge  
  20  1:38  Assimilator  
  19  1:42  Zealot  
  21  1:58  Nexus  
  21  2:16  Probe  
  22  2:28  Probe  
  23  2:35  Pylon  
  23  2:39  Pylon  
  23  2:52  Cybernetics Core  
  23  2:53  Probe  
  23  2:54  Zealot  
  26  3:06  Probe  
  27  3:15  Zealot  
  27  3:16  Probe  
  27  3:17  Photon Cannon  
  27  3:18  Probe  
  28  3:24  Probe  
  32  3:34  Probe  
  32  3:41  Gateway  
  33  3:43  Gateway  
  33  3:46  Probe  
  34  3:49  Probe  
  34  3:55  Assimilator, Stalker  
  37  3:58  Probe  
  38  4:03  Protoss Ground Weapons Level 1  
  38  4:08  Probe  
  38  4:17  Probe  
  40  4:25  Stalker  
  40  4:28  Robotics Facility  
  42  4:36  Adept, Stalker, Probe  
  46  4:41  Probe  
  46  4:44  Probe  
  49  4:54  Probe  
  49  4:55  Stalker  
  49  4:58  Stargate  
  52  5:03  Stalker  
  54  5:10  Warp Gate  
  54  5:14  Assimilator  
  54  5:22  Pylon  
  54  5:26  Pylon  
  54  5:32  Pylon  
  54  5:40  Stalker x2, Probe  
  54  5:41  Stalker  
  61  5:52  Immortal  
  65  6:04  Probe  
  65  6:10  Stalker x2  
  70  6:11  Stalker  
  70  6:17  Probe  
  73  6:19  Protoss Ground Armor Level 1  
  73  6:29  Probe, Immortal  
  78  6:38  Twilight Council  
  78  6:51  Pylon  
  78  6:55  Pylon  
  78  7:18  Pylon  
  78  7:21  Pylon  
  78  7:28  Gateway  
  78  7:29  Gateway  
  78  7:31  Immortal  
  78  7:32  Resonating Glaives, Gateway  
  78  7:34  Gateway, Probe  
  78  7:35  Gateway  
  83  7:45  Adept x3  
  89  8:03  Void Ray  
  89  8:05  Immortal  
  91  8:33  Adept x3  
  81  8:43  Protoss Ground Weapons Level 2  
  81  8:44  Immortal  
  81  8:46  Void Ray  
  87  9:14  Adept x2  
  87  9:15  Adept x2  
  87  9:16  Stalker  
  97  9:17  Stalker  
  97  9:20  Nexus  
  97  9:23  Void Ray  
  99  9:28  Probe  
  100  9:35  Pylon  
  104  9:39  Pylon  
  104  9:43  Pylon  
  104  9:46  Pylon  
  104  9:47  Immortal  
  108  10:26  Immortal  
  112  10:43  Stalker x5  
  112  10:44  Stalker x3  
  112  10:48  Probe  
  128  10:56  Probe  
  130  11:04  Photon Cannon  
  130  11:05  Probe  
  130  11:08  Photon Cannon x2  
  131  11:14  Assimilator  
  131  11:17  Probe  
  131  11:18  Assimilator  
  132  11:21  Probe  
  132  11:25  Probe  
  134  11:37  Adept  
  134  11:38  Adept x7  
  150  11:47  Charge  
  150  11:49  Protoss Ground Weapons Level 3  
  150  11:52  Immortal  
  154  12:03  Pylon  
  154  12:08  Pylon, Probe  
  155  12:11  Pylon  
  155  12:20  Probe  
  155  12:21  Stalker x3  
  162  12:32  Stalker x2, Probe  
  167  12:44  Probe  
  167  12:48  Zealot x6  
  180  12:59  Pylon  
  180  13:01  Pylon  
  180  13:03  Pylon  
  180  13:23  Nexus  
  180  13:27  Photon Cannon  
  180  13:29  Photon Cannon  
  180  13:31  Photon Cannon  
  132  13:48  Stalker  
  132  13:51  Stalker x4  
  132  13:52  Stalker x3  
  122  14:16  Stalker  
  122  14:19  Stalker x2  
  122  14:20  Stalker  
  122  14:21  Stalker  
  120  14:26  Protoss Ground Armor Level 2  
  116  14:57  Immortal  
  118  15:03  Stalker x2  
  118  15:36  Immortal  
  116  15:59  Stalker x4  
  116  16:00  Stalker x3  
  116  16:01  Stalker  
  128  16:15  Immortal  
  128  16:54  Immortal  
  132  17:34  Immortal  
  136  17:52  Probe  
  137  17:58  Stalker x3  
  137  17:59  Stalker x4  
  137  18:01  Stalker  
  137  18:05  Probe  
  152  18:38  Stalker x2  
  152  18:39  Stalker x4  
  152  18:40  Stalker x2  
Show
View Real Time Build Order
Export as new Build Order

A.I. 1 (Very Hard) Zerg 

Build Orders: Pool First 

Get SALT Encoding   

  12  0:00  Drone  
  13  0:12  Overlord  
  13  0:16  Drone  
  14  0:31  Drone x2  
  14  0:34  Drone  
  17  0:47  Spawning Pool  
  17  0:50  Drone  
  17  1:12  Hatchery  
  17  1:15  Drone  
  17  1:19  Extractor  
  17  1:22  Drone  
  17  1:26  Extractor  
  17  1:29  Drone  
  17  1:34  Drone  
  17  1:38  Drone  
  19  1:49  Overlord  
  19  2:02  Queen  
  19  2:06  Zergling x2  
  22  2:11  Drone  
  23  2:27  Queen  
  25  2:35  Drone  
  26  2:38  Drone  
  26  2:43  Drone  
  28  2:48  Drone  
  29  3:02  Roach Warren  
  29  3:04  Drone  
  29  3:08  Drone  
  29  3:11  Zergling x2  
  31  3:15  Zergling x2  
  32  3:21  Overlord  
  32  3:24  Drone  
  33  3:27  Drone  
  34  3:42  Roach  
  34  3:43  Roach x2  
  34  3:44  Roach  
  42  3:51  Lair  
  42  3:56  Overlord  
  42  4:01  Overlord  
  42  4:04  Zergling x2  
  42  4:07  Zergling x2  
  44  4:14  Zergling x2, Drone x2  
  47  4:17  Drone  
  47  4:19  Drone  
  47  4:22  Drone  
  50  4:27  Overlord  
  52  4:31  Roach  
  52  4:35  Roach  
  52  4:38  Roach  
  56  4:41  Roach  
  58  4:45  Overlord  
  58  4:51  Drone, Hydralisk Den  
  58  4:53  Drone  
  58  4:56  Drone  
  58  4:58  Roach  
  62  5:05  Drone  
  63  5:08  Drone  
  63  5:09  Drone  
  63  5:11  Drone  
  66  5:15  Overlord  
  66  5:18  Drone  
  66  5:19  Drone  
  66  5:20  Hydralisk  
  70  5:23  Hydralisk  
  70  5:26  Hydralisk  
  74  5:30  Hydralisk  
  74  5:33  Drone  
  77  5:36  Overlord  
  77  5:37  Drone  
  77  5:39  Drone  
  77  5:41  Drone  
  81  5:42  Drone  
  81  5:44  Drone  
  81  5:46  Drone  
  83  5:53  Hydralisk  
  83  5:54  Ravager  
  86  5:58  Spire  
  86  6:02  Overlord  
  86  6:04  Drone  
  86  6:07  Ravager, Hydralisk  
  89  6:14  Metabolic Boost  
  89  6:19  Roach, Evolution Chamber  
  89  6:20  Roach  
  89  6:23  Overlord  
  92  6:32  Extractor  
  91  6:33  Drone  
  91  6:35  Extractor  
  91  6:36  Drone  
  91  6:38  Evolution Chamber  
  91  6:39  Drone  
  92  6:42  Evolution Chamber  
  92  6:43  Drone  
  92  6:45  Zerg Missile Weapons Level 1  
  92  6:49  Spine Crawler  
  92  6:51  Drone  
  92  6:52  Drone, Spine Crawler  
  92  6:54  Drone x2, Overlord  
  92  6:55  Drone  
  92  6:58  Drone x2  
  92  7:00  Drone  
  98  7:04  Zerg Melee Weapons Level 1  
  98  7:08  Zerg Ground Armor Level 1  
  98  7:12  Mutalisk  
  98  7:13  Overseer  
  98  7:14  Mutalisk  
  102  7:24  Mutalisk, Overlord  
  104  7:30  Spore Crawler  
  104  7:32  Spore Crawler, Drone  
  104  7:33  Mutalisk  
  105  7:42  Mutalisk  
  107  7:49  Hatchery  
  106  7:52  Mutalisk  
  108  8:01  Mutalisk, Overlord  
  110  8:10  Mutalisk  
  110  8:12  Spine Crawler  
  111  8:17  Zergling x8  
  111  8:18  Roach, Zergling x2  
  117  8:21  Mutalisk, Zergling x2, Overlord  
  117  8:23  Zergling x2  
  117  8:24  Zergling x2  
  117  8:25  Zergling x4  
  117  8:31  Mutalisk  
  107  8:35  Roach  
  107  8:36  Roach  
  107  8:38  Roach  
  100  8:42  Hydralisk  
  100  8:47  Hydralisk  
  89  8:51  Hydralisk  
  91  8:56  Hydralisk  
  91  8:59  Roach  
  91  9:01  Drone x4  
  91  9:02  Roach, Drone  
  102  9:08  Roach, Drone  
  105  9:11  Drone  
  105  9:15  Extractor  
  105  9:19  Roach, Drone  
  105  9:22  Drone  
  105  9:23  Ravager, Hydralisk x2  
  105  9:24  Drone  
  115  9:29  Drone  
  115  9:30  Roach, Drone x2  
  115  9:31  Drone  
  121  9:32  Ravager  
  121  9:33  Drone  
  123  9:40  Queen, Extractor  
  123  9:41  Roach, Drone  
  123  9:43  Drone  
  128  9:52  Roach, Drone  
  131  9:53  Mutalisk  
  131  9:55  Drone, Overlord  
  131  9:56  Drone  
  135  10:00  Mutalisk x2  
  135  10:01  Drone  
  135  10:03  Drone  
  135  10:04  Drone  
  135  10:05  Drone  
  143  10:14  Overlord  
  143  10:16  Infestation Pit  
  143  10:17  Drone  
  143  10:26  Hydralisk x2  
  143  10:27  Hydralisk  
  149  10:29  Hydralisk  
  149  10:32  Overlord  
  151  10:49  Spine Crawler  
  150  10:51  Spore Crawler, Overlord  
  150  10:53  Hive  
  150  10:54  Infestor  
  151  11:00  Infestor  
  153  11:09  Zerg Melee Weapons Level 2  
  153  11:11  Spine Crawler  
  152  11:12  Spine Crawler  
  152  11:13  Spine Crawler  
  152  11:15  Zergling x2  
  150  11:19  Zerg Missile Weapons Level 2  
  150  11:22  Queen  
  152  11:32  Hatchery  
  152  11:33  Zerg Ground Armor Level 2  
  151  11:50  Spore Crawler  
  151  11:51  Spore Crawler  
  151  11:53  Spore Crawler  
  151  11:54  Drone  
  149  11:55  Spine Crawler  
  149  11:56  Drone  
  149  12:03  Viper  
  149  12:04  Viper  
  155  12:10  Infestor  
  155  12:11  Roach, Overlord  
  155  12:13  Lurker Den  
  158  12:21  Infestor  
  160  12:23  Roach  
  160  12:27  Overseer  
  162  12:32  Spine Crawler  
  162  12:34  Overseer  
  162  12:35  Spore Crawler  
  162  12:36  Roach  
  162  12:38  Spine Crawler  
  162  12:41  Spore Crawler  
  160  12:46  Drone x3  
  160  12:47  Drone x3  
  160  12:48  Drone x4, Overlord  
  160  12:49  Drone x3  
  160  12:50  Drone x4  
  177  12:52  Extractor  
  177  12:53  Drone  
  177  12:57  Hatchery, Extractor  
  177  12:58  Drone x2  
  177  13:18  Spine Crawler  
  176  13:21  Drone  
  176  13:23  Pneumatized Carapace  
  177  13:34  Zergling x2  
  177  13:35  Roach x4, Zergling x2  
  177  13:36  Roach x4, Zergling x2, Hydralisk x4  
  177  13:37  Zergling x2, Hydralisk  
  177  13:38  Zergling x2, Hydralisk, Tunneling Claws  
  177  13:39  Hydralisk  
  177  13:40  Hydralisk, Infestor  
  177  13:41  Zergling x4  
  199  13:42  Zergling x2, Infestor  
  199  13:43  Hydralisk  
  199  13:45  Hydralisk  
  199  13:47  Roach, Zergling x2  
  199  13:48  Roach  
  186  13:49  Roach  
  186  13:50  Roach  
  186  13:51  Roach  
  186  13:52  Zergling x2, Hydralisk  
  186  13:55  Roach  
  164  13:57  Zergling x4, Hydralisk  
  164  13:59  Roach  
  164  14:01  Zergling x2, Hydralisk  
  162  14:04  Roach  
  162  14:05  Zergling x2  
  162  14:06  Roach  
  162  14:08  Roach  
  150  14:10  Roach  
  150  14:11  Roach  
  150  14:13  Roach  
  150  14:16  Zergling x2, Drone  
  142  14:17  Zergling x2  
  142  14:18  Zergling x2  
  142  14:19  Zergling x2  
  142  14:21  Zergling x2  
  142  14:22  Zergling x2  
  142  14:23  Drone  
  124  14:24  Zergling x2  
  124  14:25  Zergling x2  
  124  14:26  Zergling x2  
  124  14:28  Hydralisk  
  124  14:31  Zergling x2  
  117  14:32  Infestor  
  117  14:34  Roach  
  117  14:35  Hydralisk  
  117  14:38  Infestor  
  117  14:40  Zergling x2  
  117  14:41  Zergling x2  
  117  14:42  Roach  
  117  14:43  Zergling x2  
  117  14:44  Zergling x2  
  118  14:46  Zergling x4  
  118  14:48  Zergling x2  
  118  14:49  Zergling x2  
  118  14:50  Zergling x2  
  118  14:51  Zergling x2  
  113  14:53  Roach  
  113  14:55  Hydralisk  
  113  14:57  Roach  
  113  14:59  Roach  
  109  15:00  Hydralisk  
  109  15:03  Roach  
  109  15:04  Drone  
  109  15:05  Hydralisk  
  108  15:08  Roach, Drone  
  108  15:09  Hydralisk  
  108  15:11  Drone  
  108  15:13  Roach  
  110  15:14  Roach  
  110  15:15  Drone  
  110  15:17  Drone  
  110  15:18  Drone  
  110  15:20  Zergling x2  
  106  15:21  Infestor  
  106  15:23  Zergling x2  
  106  15:25  Roach  
  106  15:26  Roach  
  106  15:27  Drone  
  106  15:29  Drone  
  106  15:31  Roach  
  106  15:33  Infestor  
  106  15:34  Hydralisk  
  81  15:53  Zergling x2  
  81  15:55  Zergling x2  
  81  15:57  Roach  
  78  15:58  Roach  
  78  16:01  Roach  
  78  16:02  Drone  
  78  16:03  Drone  
  78  16:04  Drone x2  
  78  16:07  Lair  
  78  16:10  Roach  
  76  16:12  Zergling x2  
  76  16:13  Drone  
  76  16:22  Zergling x2  
  76  16:24  Drone  
  76  16:27  Zergling x4, Drone  
  76  16:30  Roach Warren  
  77  16:36  Drone  
  74  16:40  Drone  
  74  16:42  Drone  
  74  16:43  Hatchery  
  74  16:45  Drone  
  74  16:46  Drone  
  69  16:48  Drone  
  69  16:50  Drone  
  69  16:51  Zergling x2  
  63  16:58  Drone  
  56  17:05  Hatchery  
  56  17:06  Drone  
  49  17:11  Roach, Hydralisk Den  
  49  17:13  Roach  
  49  17:14  Roach, Drone  
  31  17:35  Drone  
  19  17:48  Drone  
  19  17:49  Drone  
  8  18:02  Drone  
  1  18:24  Drone  
  1  18:25  Drone  
  3  18:31  Hatchery  
  2  18:52  Drone  
Tags
 
Add a new tag
Caveats
  • Supply blocks, unpowered buildings, or Contaminate may cause inaccurate times.
  • Supply counts are checked every 10 seconds.